 Dungeon Crawl Stone Soup version 0.27.1-4-g1640c2035a (webtiles) character file.

Game seed: 1089799963396414258

230 pkoi the Ruffian (level 5, -2/53 HPs)
             Began as a Troll Monk on Nov 3, 2021.
             Succumbed to a killer bee's poison
             ... on level 4 of the Dungeon.
             The game lasted 00:02:22 (1887 turns).

pkoi the Ruffian (Troll Monk)                       Turns: 1887, Time: 00:02:22

Health: -2/53      AC:  4    Str: 20    XL:     5   Next: 72%
Magic:  4/4        EV: 10    Int:  6    God:
Gold:   100        SH:  0    Dex: 12    Spells: 4/4 levels left

rFire    . . .     SeeInvis .     - Unarmed
rCold    . . .     Faith    .   (no shield)
rNeg     . . .     Spirit   .   a - +0 robe
rPois    .         Reflect  .   (helmet restricted)
rElec    .         Harm     .   (no cloak)
rCorr    .         Rampage  .   (gloves unavailable)
Will     .....                  (boots unavailable)
Stlth    ++........             (no amulet)
HPRegen  1.17/turn              (no ring)
MPRegen  0.09/turn              (no ring)

@: lethally poisoned (-2 -> -10)
A: large, unfitting armour, claws 3, regeneration 1, shaggy fur 1, tough skin 1
a: no special abilities


You were on level 4 of the Dungeon.
You visited 1 branch of the dungeon, and saw 4 of its levels.

You collected 100 gold pieces.

Inventory:

Missiles
 i - 19 poisoned darts (quivered)
Armour
 a - a +0 robe (worn)
Jewellery
 d - a ring of ice
Scrolls
 g - a scroll of identify
 j - a scroll of teleportation
Potions
 b - 2 potions of curing {unknown}
 c - a potion of brilliance {unknown}
 e - 3 potions of resistance
 f - 2 potions of haste {unknown}
 h - a potion of mutation {unknown}


   Skills:
 + Level 3.0 Fighting
 + Level 3.0 Dodging
 - Level 1.0 Stealth
 + Level 5.6 Unarmed Combat


You had 4 spell levels left.
You didn't know any spells.
Your spell library was empty.

Dungeon Overview and Level Annotations

Branches:
Dungeon (4/15)
 Temple: D:4-7

Altars:

Shops:
D:2 [*

Annotations:
D:3 2 transporters, Icepheonix32's ghost, amateur DsFi


Innate Abilities, Weirdness & Mutations

You are too large for most types of armour.
You have claws for hands.
Your natural rate of healing is unusually fast.
You are covered in fur. (AC +1)
You have tough skin. (AC +1)


Message History

The killer bee misses you.
A killer bee comes into view.
The killer bee moves out of view.
The killer bee stings you.
You are poisoned.
The killer bee poisons you!
You feel sick. The killer bee barely misses you.
You feel sick. The killer bee barely misses you.
You barely miss the killer bee.
You feel sick.
The killer bee stings you but does no damage.
The killer bee stings you.
You are more poisoned.
The killer bee poisons you!
You claw the killer bee!
The killer bee is severely wounded.
You feel very sick. The killer bee stings you.
You are more poisoned.
The killer bee poisons you!
You barely miss the killer bee.
The killer bee is severely wounded.
You feel very sick. The killer bee stings you.
You are more poisoned.
The killer bee poisons you! The killer bee barely misses you.
You scratch the killer bee but do no damage.
The killer bee is severely wounded.
You feel very sick.
The killer bee stings you but does no damage.
The killer bee stings you.
* * * LOW HITPOINT WARNING * * *
You are more poisoned.
The killer bee poisons you!
* * * LOW HITPOINT WARNING * * *
You feel very sick. The killer bee stings you!
* * * LOW HITPOINT WARNING * * *
* * * LOW HITPOINT WARNING * * *
You feel very sick.
You die...

#
....#######
.....yy...#
y.o.#####y#
. #<..#.#
#.#.#.#
#@#.#y#
#.y.#.#
#.###.#


#yy.yy# ####### You could see 3 killer bees.

Vanquished Creatures
  A necrophage (D:2)
  Robin (D:2)
  7 adders
  A white imp (D:3)
  2 dart slugs
  5 orcs (D:3)
  6 ball pythons
  An endoplasm (D:1)
  4 giant cockroaches
  9 goblins (D:2)
  7 hobgoblins
  2 quokkas
  4 frilled lizards
  5 kobolds
  3 rats
58 creatures vanquished.

Notes
Turn   | Place    | Note
-------+----------+-------------------------------------------
     0 | D:1      | pkoi the Troll Monk began the quest for the Orb.
     0 | D:1      | Reached XP level 1. HP: 22/22 MP: 0/0
    67 | D:1      | Found a faded altar of an unknown god.
   145 | D:1      | Reached XP level 2. HP: 28/29 MP: 1/1
   753 | D:2      | Reached skill level 4 in Unarmed Combat
   764 | D:2      | Reached XP level 3. HP: 32/36 MP: 2/2
  1006 | D:2      | Noticed Robin
  1026 | D:2      | Killed Robin
  1056 | D:2      | Reached skill level 5 in Unarmed Combat
  1056 | D:2      | Reached XP level 4. HP: 42/44 MP: 3/3
  1104 | D:2      | Found Zerchaf's Armour Shop.
  1223 | D:2      | Noticed a necrophage
  1229 | D:2      | Killed a necrophage
  1230 | D:2      | Reached XP level 5. HP: 48/52 MP: 4/4
  1296 | D:2      | Found Etaski Tuat's General Store.
  1533 | D:3      | Found a transporter.
  1544 | D:3      | Noticed Icepheonix32's ghost (amateur DsFi)
  1547 | D:3      | Found a transporter.
  1886 | D:4      | HP: 1/53 [poisoned by a killer bee]
  1887 | D:4      | Succumbed to a killer bee's poison

Illustrated notes

Levels and vault maps discovered:
D:1:      nicolae_arrival_memento_mori, layout_loops_ring,
          ebering_ecumenical_altar_hall, st_stairs_14, hangedman_decor_growths
D:2:      layout_loops_ring, serial_shops, shop, nicolae_shop_crystal,
          uniq_robin
D:3:      layout_rooms, gammafunk_ghost_arena
D:4:      layout_basic, ebering_ghost_sewer_d

Skill      XL: |  1  2  3  4  5 |
---------------+----------------+-----
Unarmed Combat | 4 5 |  5.6
Fighting       | 3 |  3.0
Dodging        | 3 |  3.0
Stealth        | |  1.0

Action                   |  1- 3 |  4- 6 || total
-------------------------+-------+-------++-------
Melee: Unarmed           |    88 |    60 ||   148
       Punch             |     2 |       ||     2
  Use: Scroll            |     1 |     2 ||     3
 Stab: Sleeping          |     3 |       ||     3
Armor: Robe              |    22 |    16 ||    38
Dodge: Dodged            |    47 |    25 ||    72
